General information
- name: BNet
- type: Ladder 1vs1/FFA
- host: Battle.net
- saver: Dexanth
map: TwistedMeadows
- players: 2
- length: 31:44
- speed: Fast
- version: 1.21 W3XP
- replay type: Public
» download(127 KB)
Players
team 1 (loser)
stl.dragod (
teal | 147 APM | 4659 actions | 31:42)
6 Death Knight
3 Death Coil
2 Unholy Aura
1 Animate Dead
4 Lich
3 Frost Nova
1 Dark Ritual
» actions
| Assign group hotkey | 119 | |
| Basic commands | 379 | |
| Build / train | 89 | |
| ESC pressed | 1 | |
| Enter build submenu | 27 | |
| Enter hero's abilities submenu | 10 | |
| Give item / drop item | 10 | |
| Right click | 1642 | |
| Select / deselect | 958 | |
| Select group hotkey | 1265 | |
| Use ability | 157 | |
4659 total
» units
| Acolyte | 16 | |
| Ghoul | 6 | |
| Gargoyle | 15 | |
| Obsidian Statue | 3 | |
| Goblin Zeppelin | 2 | |
| Meatwagon | 1 | |
| Goblin Sapper | 6 | |
49 total
» upgrades
| Creature Attack | 2 | |
| Destroyer Form | 1 | |
| Ghoul Frenzy | 1 | |
| Disease Cloud | 1 | |
5 total
» buildings
| Crypt | 3 | |
| Altar of Darkness | 1 | |
| Ziggurat | 7 | |
| Tomb of Relics | 1 | |
| Halls of the Dead | 5 | |
| Nerubian Tower | 2 | |
| Graveyard | 1 | |
| Sacrificial Pit | 1 | |
| Slaughterhouse | 1 | |
| Black Citadel | 3 | |
25 total
» build order
00:05 Crypt
00:07 Crypt
00:09 Altar of Darkness
00:24 Ziggurat
01:02 Tomb of Relics
02:26 Halls of the Dead
02:27 Halls of the Dead
02:27 Halls of the Dead
02:42 Ziggurat
02:54 Nerubian Tower
02:54 Nerubian Tower
03:26 Graveyard
03:48 Crypt
04:07 Ziggurat
05:21 Sacrificial Pit
07:22 Slaughterhouse
07:41 Black Citadel
07:41 Black Citadel
08:36 Ziggurat
11:28 Ziggurat
13:10 Ziggurat
15:06 Ziggurat
» items
| Rod of Necromancy | 2 | |
| Orb of Corruption | 1 | |
| Scroll of Town Portal | 1 | |
| Potion of Mana | 1 | |
| Potion of Healing | 2 | |
7 total
team 2 (winner)
Dexanth (
blue | 98 APM | 3116 actions | 31:44)
6 Dark Ranger
3 Black Arrow
2 Silence
1 Charm
6 Naga Sea Witch
3 Frost Arrows
3 Forked Lightning
» actions
| Assign group hotkey | 76 | |
| Basic commands | 8 | |
| Build / train | 124 | |
| Enter build submenu | 26 | |
| Enter hero's abilities submenu | 12 | |
| Give item / drop item | 6 | |
| Remove unit from queue | 4 | |
| Right click | 1368 | |
| Select / deselect | 559 | |
| Select group hotkey | 822 | |
| Use ability | 111 | |
3116 total
» units
| Wisp | 29 | |
| Archer | 32 | |
| Hippogryph | 21 | |
| Druid of the Claw | 2 | |
| Goblin Zeppelin | 1 | |
85 total
» upgrades
| Hippogryph Taming | 1 | |
| Improved Bows | 1 | |
| Strength of the Moon | 1 | |
| Ultravision | 1 | |
| Strength of the Wild | 1 | |
| Marksmanship | 1 | |
| Well Spring | 1 | |
| Reinforced Hides | 2 | |
| Nature's Blessing | 1 | |
| Druid of the Claw Training | 2 | |
12 total
» buildings
| Moon Well | 7 | |
| Altar of Elders | 1 | |
| Ancient of War | 1 | |
| Hunter's Hall | 1 | |
| Tree of Ages | 1 | |
| Ancient Protector | 3 | |
| Ancient of Wind | 3 | |
| Ancient of Wonders | 1 | |
| Tree of Eternity | 1 | |
| Tree of Life | 4 | |
| Ancient of Lore | 1 | |
24 total
» build order
00:19 Moon Well
00:25 Altar of Elders
00:33 Ancient of War
01:11 Moon Well
02:47 Hunter's Hall
03:36 Moon Well
04:06 Tree of Ages
05:06 Ancient Protector
05:07 Ancient Protector
06:34 Ancient Protector
06:47 Ancient of Wind
06:50 Ancient of Wind
08:42 Moon Well
09:27 Ancient of Wonders
09:41 Moon Well
10:58 Tree of Eternity
12:39 Tree of Life
13:19 Moon Well
15:38 Ancient of Lore
17:44 Tree of Life
24:37 Tree of Life
24:45 Tree of Life
26:20 Ancient of Wind
29:21 Moon Well
» items
| Scroll of Town Portal | 2 | |
| Boots of Speed | 2 | |
| Staff of Preservation | 2 | |
| Lesser Clarity Potion | 1 | |
7 total
Chat log
(30:57 / All) stl.dragod: nice hack
(31:00 / All) stl.dragod: noob
(31:00 / All) Dexanth: Hack?